Map: Ulrena

Players

zidar

  • Race: Zerg Zerg
  • Spawn Location: 11:00

Mac - Winner!

  • Race: Zerg Zerg
  • League: Silver
  • Spawn Location: 7:00

VOD

Have the link to the VOD?

Description

Time

  • Played on: April 26, 2016, 12:51 p.m.
  • Length: 2:13
Show
View Real Time Build Order
Export as new Build Order

zidar Zerg 

Build Orders: Pool First 

Get SALT Encoding   

  12  0:01  Drone  
  13  0:22  Spawning Pool  
  13  0:26  Drone  
  13  0:34  Overlord  
  13  0:39  Drone  
  14  1:09  Zergling x6  
  17  1:13  Queen  
  19  1:21  Zergling x2  
  20  1:37  Drone  
  20  1:38  Hatchery  
Show
View Real Time Build Order
Export as new Build Order

Mac Zerg - Winner!

Build Orders: Pool Only 

Get SALT Encoding   

  12  0:19  Spawning Pool  
  11  0:23  Drone  
  12  0:29  Drone  
  13  0:37  Overlord  
  13  0:46  Overlord  
  13  1:07  Zergling x4  
  13  1:09  Zergling x2  
  13  1:10  Queen  
  18  1:20  Zergling x2  
  19  1:36  Zergling x2  
  20  1:42  Zergling x2  
Tags
 
League
Silver
Matchup
ZvZ
Race
Zerg
Spawn Locations
Close Positions
Add a new tag
Caveats
  • Supply blocks, unpowered buildings, or Contaminate may cause inaccurate times.
  • Supply counts are checked every 10 seconds.